 Dungeon Crawl Stone Soup version 0.29.1-1-gd02db6906a (webtiles) character file.

Game seed: 12855464970266666504

36 smilodon the Sneak (level 3, -1/24 HPs)
             Began as a Vampire Enchanter on Sept 27, 2022.
             Frozen to death by an endoplasm (4 damage)
             ... on level 1 of the Dungeon.
             The game lasted 00:06:00 (1357 turns).

smilodon the Sneak (Vampire Enchanter)              Turns: 1357, Time: 00:06:01

Health: -1/24      AC:  5    Str:  7    XL:     3   Next: 19%
Magic:  6/6        EV: 11    Int: 14    God:
Gold:   52         SH:  0    Dex: 24    Spells: 4/6 levels left

rFire   . . .      SeeInvis +   e - +0 short sword
rCold   . . .      Faith    .   (no shield)
rNeg    + . .      Spirit   .   o - +0 ring mail "Luyxuck" {Rampage Drain Int-5 Dex+10}
rPois   .          Reflect  .   (no helmet)
rElec   .          Harm     .   (no cloak)
rCorr   .          Rampage  +   (no gloves)
Will    .....                   (no boots)
Stlth   +++.......              (no amulet)
HPRegen 0.28/turn               p - ring of positive energy
MPRegen 0.10/turn               (no ring)

@: healing quickly, invisible
A: alive, fangs 3, see invisible, vampiric 2
a: Exsanguinate


You were on level 1 of the Dungeon.
You visited 1 branch of the dungeon, and saw 2 of its levels.

You collected 52 gold pieces.

Inventory:

Hand Weapons
 a - a +1 dagger
 e - a +0 short sword (weapon)
Missiles
 d - 3 boomerangs of dispersal (quivered)
 g - 6 poisoned darts
Armour
 b - a +0 robe
 o - the +0 ring mail "Luyxuck" (worn) {Rampage Drain Int-5 Dex+10}
   (You found it on level 2 of the Dungeon)

   Int:       It affects your intelligence (-5).
   Dex:       It affects your dexterity (+10).
   Drain:     It drains your maximum health when unequipped.
   Rampage:   It bestows one free step when moving towards enemies.
Magical Staves
 f - a staff of cold
Jewellery
 j - an amulet of faith
 p - a ring of positive energy (left hand)
Scrolls
 l - 2 scrolls of enchant armour
 n - a scroll of butterflies {unknown}
Potions
 c - a potion of invisibility
 h - a potion of heal wounds {unknown}
 k - 3 potions of curing {unknown}
 m - a potion of might {unknown}


   Skills:
 + Level 1.7 Short Blades
 + Level 2.6 Dodging
 + Level 4.9 Stealth
 + Level 2.3 Spellcasting
 + Level 4.9 Hexes


You had 4 spell levels left.
You knew the following spells:

 Your Spells              Type           Power      Damage    Failure   Level
a - Ensorcelled Hibernat  Hex/Ice        16%        N/A       41%         2

Your spell library contained the following spells:

 Spells                   Type           Power      Damage    Failure   Level
 Confusing Touch          Hex            15%        N/A       32%         3
 Tukima's Dance           Hex            15%        N/A       32%         3
 Dazzling Flash           Conj/Hex       16%        N/A       65%         3


Dungeon Overview and Level Annotations

Branches:
Dungeon (2/15)

Altars:

Annotations:
D:1 Natasha


Innate Abilities, Weirdness & Mutations

Your natural rate of healing is accelerated.
You have razor-sharp teeth.
You have supernaturally acute eyesight. (SInv)
You are afflicted with vampirism and can become a bat while bloodless.


Message History

There are monsters nearby!
You barely miss the frilled lizard. The frilled lizard closely misses you.
You hit the frilled lizard.
You kill the frilled lizard!
You hit Natasha but do no damage. You bite Natasha.
Natasha is moderately wounded.
Natasha claws you.
You hit Natasha. Your punch misses Natasha.
Natasha is moderately wounded.
Natasha claws you.
The endoplasm hits you but does no damage.
You miss Natasha. You bite Natasha.
Natasha is heavily wounded.
Natasha casts a spell.
The endoplasm hits you but does no damage.
Natasha claws you! The endoplasm freezes you.
You are frozen.
* * * LOW HITPOINT WARNING * * *
The crimson imp blinks!
You climb upwards.
The crimson imp disappears in a puff of smoke!
There is a stone staircase leading down here.
Casting: Ensorcelled Hibernation (quite dangerous; 41% risk of failure)
Confirm with . or Enter, or press ? or * to list all spells.
The spell is quite dangerous to miscast (41% risk of failure)!
Continue anyway? [Y]es or [N]o only, please.
The spell is quite dangerous to miscast (41% risk of failure)!
Continue anyway?
Okay, then.
Unknown command.
Okay, then.
You fade into invisibility!
Natasha stares at you and mumbles some strange words.
The magic dart hits you.
* * * LOW HITPOINT WARNING * * *
The endoplasm barely misses you. Natasha attacks as you move away!
Natasha claws you but does no damage. The endoplasm freezes you.
You are frozen.
You die...

########.......≈_.≈....#...#.###.
.....#.....#~~~~≈≈.~...#.......[.
####.#.#.#.#..~.~~~.~..#.....###.
# #.#.#.##.#(~~...~.~#..........
# #.#...##..#~.....~...#.#####..
####.######...#.....#.#.#.#[..'..
..........'....#####....#.#.###..
####.######...#.J.......#.#.####+
#..## #..+....h@'...............
#..####.##...####......#.#.#..#.
#..#.P#.........'......#.#......
#..####.#######.#......#.####...
#..# #..........#######.# ###.
#.#####.#####......# #.# #.
#.......# #......#####.# #.
######### #............######+
#.....#####.........


You could see Natasha and an endoplasm.

Vanquished Creatures
  4 ball pythons (D:1)
  4 bats
  9 endoplasms (D:1)
  A giant cockroach (D:1)
  2 goblins (D:1)
  A hobgoblin (D:1)
  2 kobolds (D:1)
  2 quokkas
  2 frilled lizards (D:2)
  5 rats
32 creatures vanquished.

Notes
Turn   | Place    | Note
-------+----------+-------------------------------------------
     0 | D:1      | smilodon the Vampire Enchanter began the quest for the Orb.
     0 | D:1      | Reached XP level 1. HP: 13/13 MP: 3/3
    87 | D:1      | Reached XP level 2. HP: 19/19 MP: 5/5
   295 | D:1      | Learned a level 2 spell: Ensorcelled Hibernation
   547 | D:1      | Found a faded altar of an unknown god.
   730 | D:1      | Gained mutation: You are afflicted with vampirism and can
                  | become a bat while bloodless. [Vampire growth]
   730 | D:1      | Reached XP level 3. HP: 24/24 MP: 6/6
  1209 | D:2      | Noticed Natasha
  1210 | D:2      | Identified the +0 ring mail "Luyxuck" {Rampage Drain Int-5
                  | Dex+10}
  1357 | D:1      | Frozen to death by an endoplasm

Illustrated notes

Levels and vault maps discovered:
D:1:      erik_arrival_triangle_small, layout_basic,
          shapermc_ecumenical_altar_starsandcircs, serial_aquarium,
          aquarium_bridge_long_separate [aquarium_subvault_bridge,
          aquarium_subvault_wall, aquarium_subvault_bridge,
          aquarium_subvault_window, aquarium_subvault_bridge,
          aquarium_subvault_bridge], aquarium_window_1, aquarium_window_fake,
          aquarium_window_1, aquarium_view_2d, aquarium_view_2b,
          aquarium_balcony_1a, aquarium_pool_1
D:2:      minmay_general_purpose_star, layout_rooms, uniq_natasha, uniq_jessica

Action                   || total
-------------------------++-------
Melee: Dagger            ||    48
       Bite              ||    12
       Punch             ||     1
       Short sword       ||    58
 Cast: Ensorcelled Hiber ||     3
  Use: Scroll            ||     3
       Potion            ||     1
 Stab: Sleeping          ||     7
Armor: Robe              ||    29
       Ring mail         ||     8
Dodge: Dodged            ||    80
